 Dungeon Crawl Stone Soup version 0.27.0-1-g7a089689b8 (webtiles) character file.

Game seed: 13724585890407519457

127 HungrySpirit the Ducker (level 5, -4/38 HPs)
             Began as a Djinni Air Elementalist on July 31, 2021.
             Was a Follower of the Shining One.
             Killed by divine providence
             ... invoked by an orc priest
              (11 damage)
             ... on level 4 of the Dungeon.
             The game lasted 00:05:08 (4171 turns).

HungrySpirit the Ducker (Djinni Air Elementalist)   Turns: 4171, Time: 00:05:09

Health: -4/38      AC:  6    Str:  8    XL:     5   Next: 33%
Gold:   22         EV: 10    Int: 17    God:    the Shining One [*.....] SH:  5 Dex: 13

rFire    + + .     SeeInvis .   d - +0 short sword
rCold    x . .     Faith    .   (no shield)
rNeg     . . .     Spirit   .   b - +0 ring mail
rPois    ∞         Reflect  +   (no helmet)
rElec    .         Harm     .   l - +0 cloak
rCorr    .         Rampage  .   (no gloves)
Will     .....                  (boots unavailable)
Stlth    +.........             h - amulet of reflection
HPRegen  0.12/turn              (no ring)
MPRegen  0.00/turn              (no ring)

@: flying, glowing
A: sickness immunity, fire resistance 2, cold vulnerability 1, float, innate
caster, hp casting, extra vitality 1
a: Renounce Religion


You were on level 4 of the Dungeon.
You worshipped the Shining One.
The Shining One was aware of your devotion.
You visited 1 branch of the dungeon, and saw 4 of its levels.

You collected 244 gold pieces.
You spent 222 gold pieces at shops.

Inventory:

Hand Weapons
 d - a +0 short sword (weapon)
Missiles
 n - 9 poisoned darts (quivered)
Armour
 b - a +0 ring mail (worn)
 l - a +0 cloak (worn)
Jewellery
 h - an amulet of reflection (around neck)
Scrolls
 c - a scroll of teleportation
 e - 2 scrolls of immolation
 m - a scroll of magic mapping {unknown}
 o - 3 scrolls of noise
 p - a scroll of enchant weapon
Potions
 f - a potion of brilliance
 g - a potion of invisibility
 k - a potion of curing {unknown}


   Skills:
 + Level 2.1 Fighting
 * Level 2.5 Short Blades
 + Level 3.5 Dodging
 - Level 1.5 Stealth
 - Level 2.4 Spellcasting


You couldn't memorise any spells.
You knew the following spells:

 Your Spells              Type           Power      Damage    Failure   Level
a - Shock                 Conj/Air       40%        1d5       22%         1
b - Static Discharge      Conj/Air       10%        N/A       32%         2
c - Swiftness             Air            10%        N/A       54%         3
d - Airstrike             Air            5%         N/A       91%         4
e - Apportation           Tloc           20%        N/A       22%         1
f - Blink                 Tloc           N/A        N/A       32%         2
Your spell library was empty.

Dungeon Overview and Level Annotations

Branches:
Dungeon (4/15)
 Temple: D:4-7

Altars:
Qazlal
The Shining One

Shops:
D:2 *(*   D:3 ?


Innate Abilities, Weirdness & Mutations

You are immune to sickness and miasma.
You are immune to poison.
Your flesh is very heat resistant. (rF++)
You are vulnerable to cold. (rC-)
You float through the air rather than walking.
You learn spells naturally, not from books.
Your magical power is your life essence.
You have superior vitality. (+4 HP)


Message History

You hit the orc priest.
The orc priest is lightly wounded.
The orc priest looks satisfied for a moment.
You hit the orc priest but do no damage.
The orc priest is lightly wounded.
You block the orc priest's attack.
You hit the orc priest but do no damage.
The orc priest is lightly wounded.
The orc priest invokes the aid of Beogh against you.
Pain shoots through your body!
You hit the orc priest.
The orc priest is moderately wounded.
The orc priest hits you with a +0 hand axe.
You hit the orc priest.
The orc priest is moderately wounded.
The orc priest hits you with a +0 hand axe!
* * * LOW HITPOINT WARNING * * *
You hit the orc priest.
The orc priest is moderately wounded.
The orc priest hits you with a +0 hand axe.
* * * LOW HITPOINT WARNING * * *
You feel much better.
The orc priest invokes the aid of Beogh against you.
Beogh smites you!
You hit the orc priest.
The orc priest is heavily wounded.
The orc priest hits you with a +0 hand axe.
* * * LOW HITPOINT WARNING * * *
Your ring mail prevents you from hitting the orc priest.
The orc priest is heavily wounded.
The orc priest hits you with a +0 hand axe.
* * * LOW HITPOINT WARNING * * *
You hit the orc priest.
The orc priest is heavily wounded.
The orc priest looks satisfied for a moment.
You hit the orc priest but do no damage.
The orc priest is heavily wounded.
The orc priest calls down the wrath of Beogh upon you.
Beogh smites you!
You die...

####..?.... ###
........... #.# #...o...
#.# #....... #.# #.......
#.#################.......
#...oo.oo.(.o....o........
#o##################......
#.# #..@o.....# #######
#.#############.#
#..o....oo.oo...#
#.############### #.# #.#
###


You could see an orc priest.

Vanquished Creatures
  Terence (D:3)
  A hound skeleton (D:4)
  2 gnolls (D:3)
  2 adders (D:2)
  3 dart slugs
  3 orcs
  2 endoplasms
  3 giant cockroaches
  4 jackals (D:1)
  2 quokkas (D:1)
  3 ball pythons
  9 bats
  2 frilled lizards (D:3)
  4 goblins
  3 kobolds (D:1)
  A rat (D:1)
45 creatures vanquished.

Notes
Turn   | Place    | Note
-------+----------+-------------------------------------------
     0 | D:1      | HungrySpirit the Djinni Air Elementalist began the quest
                  | for the Orb.
     0 | D:1      | Reached XP level 1. HP: 15/15 MP: 0/0
   126 | D:1      | Reached XP level 2. HP: 13/22 MP: 0/0
   290 | D:1      | Reached skill level 1 in Fighting
   441 | D:1      | Found a faded altar of an unknown god.
   989 | D:1      | Reached XP level 3. HP: 27/27 MP: 0/0
   989 | D:1      | Learned a level 1 spell: Apportation
   990 | D:1      | Reached skill level 1 in Short Blades
  1455 | D:1      | Became a worshipper of the Shining One
  1455 | D:1      | Reached * piety under the Shining One
  1582 | D:2      | Found Hengops's Assorted Antiques.
  1673 | D:2      | Bought a lumpy orange potion for 19 gold pieces
  1673 | D:2      | Bought a bubbling grey potion for 19 gold pieces
  1703 | D:2      | Found Siph's General Store.
  1707 | D:2      | Bought a scroll of identify for 24 gold pieces
  2092 | D:2      | Reached skill level 3 in Dodging
  2092 | D:2      | Reached XP level 4. HP: 32/32 MP: 0/0
  2193 | D:2      | Found a stormy altar of Qazlal.
  2280 | D:2      | Found Qimeif's Antique Weapon Emporium.
  3085 | D:3      | Found Tarep's Magic Scroll Shop.
  3095 | D:3      | Bought a scroll of enchant weapon for 75 gold pieces
  3095 | D:3      | Bought a scroll of identify for 20 gold pieces
  3095 | D:3      | Bought a scroll of identify for 20 gold pieces
  3095 | D:3      | Bought a scroll of noise for 10 gold pieces
  3095 | D:3      | Bought a scroll of immolation for 35 gold pieces
  3160 | D:3      | Noticed Terence
  3174 | D:3      | Killed Terence
  3541 | D:3      | Reached XP level 5. HP: 35/38 MP: 0/0
  3541 | D:3      | Learned a level 2 spell: Blink
  4171 | D:4      | Killed from afar by an orc priest

Illustrated notes

Levels and vault maps discovered:
D:1:      minmay_arrival_four_circles, layout_loops_ring,
          dreamdust_ecumenical_altar_grove
D:2:      layout_basic, basic_altar, serial_shops, shop_coins,
          nicolae_shop_overgrown_old_shop, shop, grunt_decor_cap
D:3:      layout_basic, serial_shops, shop_scrolls, uniq_terence
D:4:      layout_basic, lemuel_mausoleum_altar_yredelemnul, uniq_ijyb,
          uniq_eustachio, uniq_grinder

Skill      XL: |  1  2  3  4 |
---------------+-------------+-----
Fighting       | 1 2 |  2.1
Short Blades   | 1 2 |  2.5
Dodging        | 3 |  3.5
Stealth        | |  1.5
Spellcasting   | |  2.4

Action                   |  1- 3 |  4- 6 || total
-------------------------+-------+-------++-------
Melee: Short sword       |   103 |    98 ||   201
       Dagger            |    13 |       ||    13
Throw: Dart              |       |    12 ||    12
 Cast: Shock             |    13 |       ||    13
  Use: Scroll            |     2 |     3 ||     5
       Potion            |       |     1 ||     1
Armor: Ring mail         |    82 |    35 ||   117
Dodge: Dodged            |    97 |    46 ||   143
Block: Other             |       |    20 ||    20
